 Dungeon Crawl Stone Soup version 0.29-a0-775-g4d7333d4e2 (webtiles) character file.

Game seed: 8752146813751307651

191 xian the Chucker (level 5, 0/37 HPs)
             Began as a Demonspawn Wanderer on July 1, 2022.
             Slain by a bouda
             ... wielding a +0 whip
              (2 damage)
             ... on level 4 of the Dungeon.
             The game lasted 00:10:19 (3641 turns).

xian the Chucker (Demonspawn Wanderer)              Turns: 3641, Time: 00:10:20

Health: 0/37       AC: 10    Str: 11    XL:     5   Next: 41%
Magic:  5/5        EV: 10    Int: 10    God:
Gold:   131        SH:  0    Dex: 19    Spells: 4/4 levels left

rFire   . . .      SeeInvis .   a - +2 dagger
rCold   + . .      Faith    .   (no shield)
rNeg    . . .      Spirit   .   s - +1 ring mail {rC+}
rPois   .          Reflect  .   d - +1 helmet
rElec   .          Harm     .   (no cloak)
rCorr   .          Rampage  .   (no gloves)
Will    .....                   (no boots)
Stlth   ++........              (no amulet)
HPRegen 0.12/turn               (no ring)
MPRegen 0.09/turn               (no ring)

@: mighty, weakened
A: icy blue scales 1, weakness stinger 2
a: no special abilities


You were on level 4 of the Dungeon.
You visited 1 branch of the dungeon, and saw 4 of its levels.

You collected 131 gold pieces.

Inventory:

Hand Weapons
 a - a +2 dagger (weapon)
Missiles
 b - 3 curare-tipped darts (quivered)
Armour
 d - a +1 helmet (worn)
 s - a +1 ring mail of cold resistance (worn)
Jewellery
 i - a ring of fire
Scrolls
 e - a scroll of blinking
 g - a scroll of teleportation
 h - a scroll of enchant armour
 j - a scroll of enchant weapon {unknown}
 k - a scroll of noise {unknown}
 n - a scroll of immolation
 p - a scroll of fear {unknown}
 r - a scroll of vulnerability {unknown}
Potions
 c - a potion of resistance {unknown}
 f - 2 potions of heal wounds {unknown}
 m - 2 potions of berserk rage
 o - 3 potions of degeneration {unknown}
 q - a potion of curing {unknown}


   Skills:
 + Level 1.4 Fighting
 + Level 3.0 Short Blades
 + Level 4.2 Throwing
 + Level 2.0 Armour
 + Level 0.6 Dodging
 + Level 3.3 Stealth


You had 4 spell levels left.
You didn't know any spells.
Your spell library contained the following spells:

 Spells                   Type           Power      Damage    Failure   Level
 Sublimation of Blood     Necr           0%         N/A       80%         2
 Wereblood                Tmut           0%         N/A       80%         2
 Summon Guardian Golem    Hex/Summ       0%         N/A       95%         3
 Orb of Destruction       Conj           0%         9d5       100%        7
 Spellforged Servitor     Conj/Summ      0%         N/A       100%        7
 Summon Hydra             Summ           0%         N/A       100%        7


Dungeon Overview and Level Annotations

Branches:
Dungeon (4/15)
 Temple: D:4-7

Altars:

Shops:
D:1 [


Innate Abilities, Weirdness & Mutations

You are partially covered in icy blue scales. (AC +2)
You have a tail ending in a sharp stinger.


Message History

The bouda hits you but does no damage.
You barely miss the bouda.
The bouda is moderately wounded.
The bouda barely misses you.
You hit the bouda.
The bouda is heavily wounded.
You barely miss the bouda.
The bouda is heavily wounded.
The bouda barely misses you.
You barely miss the bouda.
You tail-slap the bouda, but do no damage.
The bouda is heavily wounded.
The bouda hits you but does no damage.
You hit the bouda.
The bouda is heavily wounded.
The bouda gazes fiercely through you!
You feel your attacks grow feeble. The bouda barely misses you.
You hit the bouda but do no damage.
The bouda is heavily wounded.
The bouda closely misses you.
You hit the bouda but do no damage.
The bouda is heavily wounded.
The bouda hits you with a +0 whip.
You hit the bouda but do no damage.
The bouda is heavily wounded.
You hit the bouda but do no damage.
The bouda is heavily wounded.
The bouda hits you with a +0 whip.
* * * LOW HITPOINT WARNING * * *
You hit the bouda but do no damage.
The bouda is heavily wounded.
Your attacks no longer feel as feeble.
The bouda gazes fiercely through you!
You feel your attacks grow feeble. The bouda hits you with a +0 whip!
* * * LOW HITPOINT WARNING * * *
You feel very mighty all of a sudden. The bouda hits you with a +0 whip.
You die...

.# #.# #)##.#.
.#############.############.##.#.
.............................#.#.
##############.#<................
......#.....................#....
.####.#.######.#...............>.
.# #.#......#.#.####...##.......
.# #.#..###.#.#g###.....##......
.# #.#..# #...#@##.......#[.....
.# #.#..#######.##.......######.
.# #.#..........#.........#.....
.####.#.##########.........##.##.
..............###.......#####.##.
###........#....#....#### #.##.
#........#...##....# #.##.
###.#'#....#...##...## #....
....#.#.##..>..##...# ####.


You could see a bouda.

Vanquished Creatures
  An orc wizard (D:4)
  5 adders
  4 worms
  3 dart slugs (D:1)
  6 orcs
  12 ball pythons
  14 endoplasms
  3 giant cockroaches
  8 goblins
  11 hobgoblins
  4 kobolds
  3 quokkas
  8 bats
  3 frilled lizards
  4 rats
89 creatures vanquished.

Notes
Turn   | Place    | Note
-------+----------+-------------------------------------------
     0 | D:1      | xian the Demonspawn Wanderer began the quest for the Orb.
     0 | D:1      | xian set off with the following items: a +2 dagger, 3
                  | curare-tipped darts, a +0 short sword, a +0 helmet, a
                  | scroll of blinking, a +0 leather armour.
     0 | D:1      | Reached XP level 1. HP: 15/15 MP: 1/1
   182 | D:1      | Gained mutation: You have a small tail. [demonic ancestry]
   182 | D:1      | Reached XP level 2. HP: 5/21 MP: 2/2
   426 | D:1      | Reached skill level 4 in Throwing
   430 | D:1      | Found a faded altar of an unknown god.
   520 | D:1      | Found Ruilum's Antique Armour Emporium.
   719 | D:1      | Gained mutation: You have a tail ending in a sharp stinger.
                  | [demonic ancestry]
   719 | D:1      | Reached XP level 3. HP: 26/26 MP: 3/3
  1493 | D:2      | Gained mutation: You are partially covered in icy blue
                  | scales. (AC +2) [demonic ancestry]
  1493 | D:2      | Reached XP level 4. HP: 27/32 MP: 4/4
  2684 | D:3      | Reached XP level 5. HP: 37/37 MP: 5/5
  3641 | D:4      | Slain by a bouda

Illustrated notes

Levels and vault maps discovered:
D:1:      ncdulo_watergridlock, layout_rooms, serial_shops,
          nicolae_shop_advertising_works [nicolae_subvault_shop_adworks],
          hellmonk_ecumenical_altar_pennies_from_heaven, corner_web_ring,
          minmay_tree_intersection, minmay_misc_feat_iff
D:2:      minmay_inner_zag, layout_basic
D:3:      layout_loops_ring
D:4:      kennysheep_spiral_hall, layout_basic, lemuel_coloured_pillars_altar

Skill      XL: |  1  2  3  4  5 |
---------------+----------------+-----
Stealth        | 2 3 |  3.3
Throwing       | 4 |  4.2
Short Blades   | 2 3 |  3.0
Armour         | 2 |  2.0
Fighting       | |  1.4
Dodging        | |  0.6

Action                   |  1- 3 |  4- 6 || total
-------------------------+-------+-------++-------
Melee: Dagger            |    97 |   183 ||   280
       Tailslap          |    11 |    27 ||    38
       Punch             |       |     1 ||     1
Throw: Dart              |     3 |       ||     3
  Use: Scroll            |     4 |     1 ||     5
       Potion            |       |     1 ||     1
 Stab: Sleeping          |     6 |    10 ||    16
Armor: Leather armour    |    34 |    25 ||    59
       Ring mail         |       |    38 ||    38
Dodge: Dodged            |    44 |    81 ||   125

Table legend: (Time is in decaauts)
 A = Elapsed time spent in this place.
 B = Non-inter-level travel time spent in this place.
 C = Inter-level travel time spent in this place.
 D = Time resting spent in this place.
 E = Time spent auto-exploring this place.
 F = Levels seen in this place.
 G = Mean time per level.
                   A        B        C        D        E       F      G
               +--------+--------+--------+--------+--------+-----+--------+
         Total |   3606 |   3582 |     24 |    219 |   2311 |   4 |  901.5 |
       Dungeon |   3606 |   3582 |     24 |    219 |   2311 |   4 |  901.5 |
               +--------+--------+--------+--------+--------+-----+--------+

Top non-repeatable levels by time:
     D:2: 1217 daAuts
     D:1: 954 daAuts
     D:3: 848 daAuts
     D:4: 586 daAuts
